 Dungeon Crawl Stone Soup version 0.24.0-37-gcf1ca852f1 (webtiles) character file.

Game seed: 1727753958043093326, levelgen mode: deterministic

2678 Mesmaeker13 the Conjurer (level 9, -2/55 HPs)
             Began as a Yellow Draconian Conjurer on Nov 29, 2019.
             Was a Follower of Hepliaklqana.
             Killed by divine providence
             ... invoked by an orc priest
              (15 damage)
             ... on level 6 of the Dungeon.
             The game lasted 00:11:36 (7787 turns).

Mesmaeker13 the Conjurer (DrCj)                     Turns: 7787, Time: 00:11:37

Health: -2/55      AC:  7    Str: 10    XL:     9   Next: 37%
Magic:  6/18       EV: 15    Int: 20    God:    Hepliaklqana [*.....]
Gold:   237        SH:  0    Dex: 11    Spells: 11/21 levels left

rFire    . . .     SeeInvis .   n - +1 dagger (drain)
rCold    . . .     Gourm    +   (no shield)
rNeg     . . .     Faith    .   (armour unavailable)
rPois    .         Spirit   .   (helmet restricted)
rElec    .         Reflect  .   (no cloak)
rCorr    +         Harm     .   (no gloves)
MR       .....                  (no boots)
Stlth    ++........             a - amulet of the gourmand
HPRegen  0.18/turn              (no ring)
MPRegen  0.16/turn              (no ring)

@: no status effects
A: spit acid, unfitting armour, reduced essence, cold-blooded, acid resistance,
AC +7
a: Breathe Acid, Recall Ancestor, Ancestor Identity, Renounce Religion


You were on level 6 of the Dungeon.
You worshipped Hepliaklqana.
Hepliaklqana was aware of your devotion.
You were not hungry.

You visited 2 branches of the dungeon, and saw 7 of its levels.

You collected 237 gold pieces.

Inventory:

Hand Weapons
 n - a +1 dagger of draining (weapon)
 r - a +0 trident
Missiles
 h - 14 poisoned darts (quivered)
 o - a datura-tipped dart
Jewellery
 a - an amulet of the gourmand (around neck)
Wands
 k - a wand of clouds (3)
 s - a wand of digging (4)
Scrolls
 e - a scroll of blinking
 f - a scroll of magic mapping
 g - 4 scrolls of remove curse
 i - 2 scrolls of amnesia
 v - a scroll of enchant weapon {unknown}
Potions
 c - 2 potions of heal wounds
 d - 3 potions of curing
 j - 2 potions of flight
 l - a potion of might
 m - a potion of lignification
 p - a potion of berserk rage {unknown}
 q - a potion of haste
 t - a potion of mutation {unknown}
 u - a potion of agility {unknown}
Comestibles
 b - 9 rations


   Skills:
 + Level 6.4 Dodging
 - Level 1.7 Stealth
 + Level 6.5 Spellcasting
 + Level 7.9 Conjurations
 + Level 4.5 Hexes


You had 11 spell levels left.
You knew the following spells:

 Your Spells              Type           Power        Failure   Level  Hunger
a - Magic Dart            Conj           ####         1%          1    None
b - Searing Ray           Conj           #####.       1%          2    None
c - Dazzling Spray        Conj/Hex       ####..       2%          3    #......
d - Fulminant Prism       Conj/Hex       ####......   8%          4    ###....

Your spell library contained the following spells:

 Spells                   Type           Power        Failure   Level  Hunger
 Iskenderun's Mystic Bla  Conj           #####...     3%          4    ###....
 Force Lance              Conj/Tloc      ###.....     19%         4    ###....


Dungeon Overview and Level Annotations

Branches:
Dungeon (6/15)             Temple (1/1) D:4

Altars:
Ashenzari
Cheibriados
Dithmenos
Elyvilon
Fedhas
Gozag
Hepliaklqana
Kikubaaqudgha
Makhleb
Nemelex Xobeh
Okawaru
Qazlal
Trog
Uskayaw
Vehumet
Wu Jian
Xom
Yredelemnul
Zin
The Shining One

Annotations:
D:4 3 runed translucent doors, p0werm0de's ghost, novice VSWn


Innate Abilities, Weirdness & Mutations

You can spit globs of acid.
Your golden yellow scales are hard. (AC +7)
You cannot fit into any form of body armour.
You are cold-blooded and may be slowed by cold attacks.
You are resistant to acid. (rCorr)
Your life essence is reduced to manifest your ancestor. (-10% HP)


Message History

The orc priest invokes the aid of Beogh against you.
Beogh smites you!
The searing ray hits the wight!
You destroy the wight!
The orc priest mumbles some strange prayers to Beogh against you.
Beogh smites you!
You finish channeling your searing ray.
You barely miss the orc priest.
The orc priest is almost dead.
The orc priest hits you with a +0 falchion.
You swap places.
The orc priest hits Muriel with a +0 falchion.
Muriel closely misses the orc priest.
Muriel hits the orc priest but does no damage.
The orc priest calls down the wrath of Beogh upon you.
Beogh smites you!
* * * LOW HITPOINT WARNING * * *
The orc priest invokes the aid of Beogh against you.
Beogh smites you!
You die...

.'.......................
##.......###.....##*.....
#.......# #..[..# .....
#.......# #....)# .oo.
#.......# #####o# .z.
####'#### #R# .. #####..# #.#
. [..###.# #.# ...#
#.#########@# ...#
#.#.......#.# ...#
#.........#.# ######### ...#
##........#.# #.......# ...#
#........#.###.......## ...#
#........#............# .<.#
#........#..##........# ...#
##.......#..##........#
...#####.#######..##........#


You could see the friendly Muriel the ancestor and an orc priest.

Vanquished Creatures
  A two-headed ogre (D:6)
  A hungry ghost (D:6)
  Menkaure (D:6)
  An orc warrior (D:6)
  An ice beast (D:5)
  A phantom (D:5)
  A necrophage (D:5)
  2 ogres
  2 centaurs
  2 bullfrogs (D:6)
  A scorpion (D:4)
  A wight (D:6)
  A crimson imp (D:5)
  A bullfrog zombie (D:5)
  2 howler monkeys
  A bullfrog skeleton (D:5)
  A hound (D:4)
  2 orc wizards
  3 worker ants
  A hound zombie (D:5)
  7 gnolls
  15 adders
  4 shadow imps
  An adder zombie (D:5)
  An adder skeleton (D:4)
  2 dart slugs
  4 leopard geckos
  11 orcs
  4 ball pythons
  2 giant cockroaches
  6 goblins
  9 hobgoblins
  11 jackals
  3 quokkas
  9 bats
  7 frilled lizards
  A jackal skeleton (D:5)
  10 kobolds
  10 rats
144 creatures vanquished.

Vanquished Creatures (collateral kills)
  A jelly (D:5)
1 creature vanquished.

Vanquished Creatures (others)
  Eustachio (D:4)
  An ancestor (D:5)
  4 fulminant prisms
6 creatures vanquished.

Grand Total: 151 creatures vanquished

Notes
Turn   | Place    | Note
-------+----------+-------------------------------------------
     0 | D:1      | Mesmaeker13 the Draconian Conjurer began the quest for the
                  | Orb.
     0 | D:1      | Reached XP level 1. HP: 14/14 MP: 3/3
   272 | D:1      | Reached XP level 2. HP: 20/20 MP: 3/5
   694 | D:2      | Learned a level 2 spell: Searing Ray
   773 | D:2      | Reached XP level 3. HP: 26/26 MP: 2/6
  1360 | D:2      | Reached XP level 4. HP: 32/33 MP: 5/8
  2442 | D:3      | Found a stormy altar of Qazlal.
  2603 | D:3      | Reached XP level 5. HP: 38/38 MP: 2/9
  2766 | D:3      | Found a faded altar of an unknown god.
  2790 | D:3      | Reached skill level 5 in Conjurations
  3718 | D:3      | Learned a level 3 spell: Dazzling Spray
  3740 | D:3      | Reached XP level 6. HP: 21/45 MP: 1/11
  4082 | D:4      | Found a runed translucent gate.
  4082 | D:4      | Found a runed translucent gate.
  4082 | D:4      | Found a runed translucent gate.
  4096 | D:4      | Noticed Eustachio
  4218 | D:4      | Killed Eustachio
  4218 | D:4      | Your scales start taking on a golden yellow colour.
  4218 | D:4      | Reached XP level 7. HP: 41/50 MP: 5/13
  4218 | D:4      | Gained mutation: You are resistant to acid. (rCorr) [Yellow
                  | Draconian growth]
  4571 | D:4      | Noticed p0werm0de's ghost (novice VSWn)
  4623 | D:4      | Reached skill level 6 in Conjurations
  4781 | D:4      | Found a staircase to the Ecumenical Temple.
  4861 | Temple   | Entered the Ecumenical Temple
  4883 | Temple   | Became a worshipper of Hepliaklqana the Forgotten
  5131 | D:5      | Entered Level 5 of the Dungeon
  5136 | D:5      | You fall into a shaft and drop 1 floor!
  5136 | D:6      | Noticed a two-headed ogre
  5192 | D:6      | Killed a two-headed ogre
  5192 | D:6      | Reached skill level 5 in Dodging
  5192 | D:6      | Reached skill level 5 in Spellcasting
  5192 | D:6      | Reached XP level 8. HP: 18/51 MP: 7/16
  5354 | D:6      | Reached skill level 7 in Conjurations
  5957 | D:6      | Learned a level 4 spell: Fulminant Prism
  6172 | D:5      | Reached XP level 9. HP: 53/55 MP: 3/18
  7073 | D:5      | Found a white marble altar of Elyvilon.
  7198 | D:5      | Reached * piety under Hepliaklqana
  7716 | D:6      | Noticed Menkaure
  7723 | D:6      | Killed Menkaure
  7787 | D:6      | Killed from afar by an orc priest

Levels and vault maps discovered:
D:1:      lightli_iron_boxes, layout_rooms, hex_tiny
D:2:      layout_basic
D:3:      layout_basic, chequers_ecumenical_altar_simple_redux,
          grunt_qazlal_clouds
D:4:      layout_cave_pools, minmay_temple_entry_enclosed_plants, first_ration,
          gammafunk_ghost_necromancy, uniq_eustachio
D:5:      layout_basic, elyvilon_altar_1
D:6:      layout_basic, uniq_menkaure
Temple:   hc_temple_tempest_star

Skill      XL: |  1  2  3  4  5  6  7  8  9 |
---------------+----------------------------+-----
Dodging        | 2 3 4 5 6 |  6.4
Spellcasting   | 3 4 5 6 |  6.5
Conjurations   | 5 6 7 |  7.9
Hexes          | 2 3 4 |  4.5
Stealth        | |  1.7

Action                   |  1- 3 |  4- 6 |  7- 9 || total
-------------------------+-------+-------+-------++-------
Melee: Unarmed           |    18 |     9 |       ||    27
       Tailslap          |     2 |       |     2 ||     4
       Dagger            |       |    14 |    43 ||    57
Throw: Dart              |     7 |    50 |     8 ||    65
 Cast: Magic Dart        |    53 |    87 |    94 ||   234
       Searing Ray       |     3 |     9 |    18 ||    30
       Fulminant Prism   |       |       |     4 ||     4
 Abil: Breathe Acid      |       |       |     5 ||     5
Evoke: Wand              |       |       |     4 ||     4
  Use: Scroll            |       |     6 |     8 ||    14
       Potion            |       |     1 |     3 ||     4
 Stab: Invisible         |       |       |     1 ||     1
  Eat: Chunk             |     2 |     8 |    20 ||    30
       Ration            |       |     1 |       ||     1
Armor: Skin              |    11 |    20 |    34 ||    65
Dodge: Dodged            |    14 |    80 |    75 ||   169
